TOP OF THE 1ST |
Cleveland Browns batting - Pitching for Colorado Billy Goats : LHP Zalontae Hillary
|
Pitching: LHP Zalontae Hillary
|
|
Batting: RHB Carlos Martínez
|
0-0: Reached on error, E4 (Groundball, 4, EV 101.9 MPH)
|
Batting: RHB Katsuhiko Ishihara
|
0-0: Ball 1-0: Foul Ball, location: 2F 1-1: Called Strike Carlos Martínez is caught stealing 2nd base 2-4 1-2: Ball 2-2: Ball 3-2: Strikes out swinging
|
Batting: RHB Baldomero Avino
|
0-0: Ball 1-0: Called Strike 1-1: Foul Ball, location: 2F 1-2: Foul Ball, location: 2F 1-2: Ball 2-2: Ball 3-2: Foul Ball, location: 2F 3-2: Fly out, F4 (Popup, 4D, EV 67.5 MPH)
|
Top of the 1st over - 0 runs, 0 hits, 1 error, 0 left on base; Cleveland 0 - Colorado 0 |
BOTTOM OF THE 1ST |
Colorado Billy Goats batting - Pitching for Cleveland Browns : RHP Chris Holland
|
Pitching: RHP Chris Holland
|
|
Batting: LHB David de Meij
|
0-0: Ground out U3 (Groundball, 34, EV 83.8 MPH)
|
Batting: LHB Tim Gonzáles
|
0-0: Ball 1-0: SINGLE (Flyball, 56D, EV 87.5 MPH)
|
Batting: LHB Ricardo Yates
|
0-0: Ball 1-0: SINGLE (Groundball, 56D, EV 98.8 MPH) Tim Gonzáles to second
|
Batting: LHB Obidiah Lewis
|
0-0: Swinging Strike 0-1: Fly out, F7 (Flyball, 7LS, EV 91.2 MPH)
|
Batting: LHB Ken Norris
|
0-0: Ball 1-0: Fly out, F8 (Flyball, 8LM, EV 73.8 MPH)
|
Bottom of the 1st over - 0 runs, 2 hits, 0 errors, 2 left on base; Cleveland 0 - Colorado 0 |
TOP OF THE 2ND |
Cleveland Browns batting - Pitching for Colorado Billy Goats : LHP Zalontae Hillary
|
Batting: RHB Meester Gobbles-Rooster
|
0-0: Called Strike 0-1: Fly out, F9 (Flyball, 9, EV 82.5 MPH)
|
Batting: LHB León Castillo
|
0-0: Foul Ball, location: 2F 0-1: Foul Ball, location: 2F 0-2: Ball 1-2: Ball 2-2: Ball 3-2: DOUBLE (Line Drive, 9LM, EV 109.4 MPH)
|
Batting: RHB Gerold Olthof
|
0-0: Ball 1-0: Ball 2-0: Ball 3-0: Called Strike 3-1: Reached on error, E1 (Groundball, 25, EV 91.9 MPH) León Castillo scores
|
Batting: LHB Danny Rodríguez
|
0-0: Called Strike 0-1: Ball 1-1: Ground out 5-3 (Groundball, 5, EV 93.1 MPH)
|
Batting: RHB Dale Epner
|
0-0: Ball 1-0: Fly out, F8 (Flyball, 89D, EV 103.1 MPH)
|
Top of the 2nd over - 1 run, 1 hit, 1 error, 1 left on base; Cleveland 1 - Colorado 0 |
BOTTOM OF THE 2ND |
Colorado Billy Goats batting - Pitching for Cleveland Browns : RHP Chris Holland
|
Batting: SHB Raoul de Gilde
|
0-0: Ball 1-0: Foul Ball, location: 2F 1-1: Ball 2-1: Foul Ball, location: 2F 2-2: Ground out 6-3 (Groundball, 6S, EV 83.1 MPH)
|
Batting: LHB António Casas
|
0-0: Called Strike 0-1: Ball 1-1: Fly out, F9 (Line Drive, 9, EV 86.2 MPH)
|
Batting: RHB Phil Moore
|
0-0: Ball 1-0: Swinging Strike 1-1: Swinging Strike 1-2: Strikes out swinging
|
Bottom of the 2nd over - 0 runs, 0 hits, 0 errors, 0 left on base; Cleveland 1 - Colorado 0 |
TOP OF THE 3RD |
Cleveland Browns batting - Pitching for Colorado Billy Goats : LHP Zalontae Hillary
|
Batting: LHB Jim Brown
|
0-0: Ball 1-0: Fly out, F7 (Line Drive, 7D, EV 110.0 MPH)
|
Batting: RHB Carlos Martínez
|
0-0: Ground out 5-3 (Groundball, 5L, EV 85.0 MPH)
|
Batting: RHB Katsuhiko Ishihara
|
0-0: Foul Ball, location: 2F 0-1: Ball 1-1: Swinging Strike 1-2: Ball 2-2: SINGLE (Popup, 5D, EV 48.8 MPH)
|
Batting: RHB Baldomero Avino
|
0-0: Ball 1-0: DOUBLE (Line Drive, 5D, EV 95.0 MPH) Katsuhiko Ishihara to third Runner from 3rd tries for Home, SAFE, no throw by LF
|
Batting: RHB Meester Gobbles-Rooster
|
0-0: SINGLE (Flyball, 8LS, EV 98.8 MPH) Baldomero Avino to third Runner from 3rd tries for Home, SAFE, throw by CF to home
|
Batting: LHB León Castillo
|
0-0: SINGLE (Line Drive, 5D, EV 95.6 MPH) Meester Gobbles-Rooster to second
|
Batting: RHB Gerold Olthof
|
0-0: Called Strike 0-1: Ball 1-1: Foul Ball, location: 2F 1-2: Fly out, F9 (Flyball, 9LMF, EV 107.5 MPH)
|
Top of the 3rd over - 2 runs, 4 hits, 0 errors, 2 left on base; Cleveland 3 - Colorado 0 |
BOTTOM OF THE 3RD |
Colorado Billy Goats batting - Pitching for Cleveland Browns : RHP Chris Holland
|
Batting: RHB Luis Rodríguez
|
0-0: Ball 1-0: Called Strike 1-1: Ball 2-1: Called Strike 2-2: Ball 3-2: Foul Ball, location: 2F 3-2: SINGLE (Groundball, 34D, EV 107.5 MPH)
|
Batting: LHB David de Meij
|
0-0: Fielders Choice at 2nd, 6-4 (Groundball, 6M, EV 83.8 MPH)
|
Batting: LHB Tim Gonzáles
|
0-0: Called Strike 0-1: Foul Ball, location: 2F 0-2: Ball David de Meij is caught stealing 2nd base 2-6 1-2: Strikes out swinging
|
Bottom of the 3rd over - 0 runs, 1 hit, 0 errors, 0 left on base; Cleveland 3 - Colorado 0 |
TOP OF THE 4TH |
Cleveland Browns batting - Pitching for Colorado Billy Goats : LHP Zalontae Hillary
|
Batting: LHB Danny Rodríguez
|
0-0: Ball 1-0: Called Strike 1-1: Foul Ball, location: 2F 1-2: Strikes out swinging
|
Batting: RHB Dale Epner
|
0-0: Fly out, F9 (Flyball, 9S, EV 88.1 MPH)
|
Batting: LHB Jim Brown
|
0-0: Called Strike 0-1: Ball 1-1: Ball 2-1: Called Strike 2-2: Ball 3-2: Fly out, F9 (Flyball, 9LMF, EV 101.9 MPH)
|
Top of the 4th over - 0 runs, 0 hits, 0 errors, 0 left on base; Cleveland 3 - Colorado 0 |
BOTTOM OF THE 4TH |
Colorado Billy Goats batting - Pitching for Cleveland Browns : RHP Chris Holland
|
Batting: LHB Ricardo Yates
|
0-0: Ball 1-0: Ball 2-0: Called Strike 2-1: Ball 3-1: Fly out, F8 (Flyball, 8LXD, EV 92.5 MPH)
|
Batting: LHB Obidiah Lewis
|
0-0: Fly out, F8 (Flyball, 89S, EV 93.1 MPH)
|
Batting: LHB Ken Norris
|
0-0: Ball 1-0: Ground out U3 (Groundball, 34, EV 83.8 MPH)
|
Bottom of the 4th over - 0 runs, 0 hits, 0 errors, 0 left on base; Cleveland 3 - Colorado 0 |
TOP OF THE 5TH |
Cleveland Browns batting - Pitching for Colorado Billy Goats : LHP Zalontae Hillary
|
Batting: RHB Carlos Martínez
|
0-0: Ground out 6-3 (Groundball, 6S, EV 81.9 MPH)
|
Batting: RHB Katsuhiko Ishihara
|
0-0: Ball 1-0: Called Strike 1-1: Foul Ball, location: 2F 1-2: Strikes out swinging
|
Batting: RHB Baldomero Avino
|
0-0: Ball 1-0: Called Strike 1-1: Foul Ball, location: 2F 1-2: Ball 2-2: Ball 3-2: SINGLE (Flyball, 56D, EV 96.9 MPH)
|
Batting: RHB Meester Gobbles-Rooster
|
0-0: Ball 1-0: Fly out, F8 (Flyball, 8LXD, EV 90.0 MPH)
|
Top of the 5th over - 0 runs, 1 hit, 0 errors, 1 left on base; Cleveland 3 - Colorado 0 |
BOTTOM OF THE 5TH |
Colorado Billy Goats batting - Pitching for Cleveland Browns : RHP Chris Holland
|
Batting: SHB Raoul de Gilde
|
0-0: Foul Ball, location: 2F 0-1: Swinging Strike 0-2: Ball 1-2: Foul Ball, location: 2F 1-2: Foul Ball, location: 2F 1-2: SINGLE (Groundball, 34S, EV 69.4 MPH) (infield hit)
|
Batting: LHB António Casas
|
0-0: Reached on error, E3 (Groundball, 3, EV 99.4 MPH) Raoul de Gilde to second
|
Batting: RHB Phil Moore
|
0-0: Ball 1-0: Grounds into double play, 3-6-1 (Groundball, 3, EV 111.2 MPH) Raoul de Gilde to third
|
Batting: RHB Luis Rodríguez
|
0-0: Called Strike 0-1: Called Strike 0-2: Ball 1-2: Foul Ball, location: 2F 1-2: Ball 2-2: Ball 3-2: SINGLE (Groundball, 56D, EV 94.4 MPH) Raoul de Gilde scores
|
Batting: LHB David de Meij
|
0-0: Ground out U3 (Groundball, 3, EV 80.0 MPH)
|
Bottom of the 5th over - 1 run, 2 hits, 1 error, 1 left on base; Cleveland 3 - Colorado 1 |
TOP OF THE 6TH |
Cleveland Browns batting - Pitching for Colorado Billy Goats : LHP Zalontae Hillary
|
Batting: LHB León Castillo
|
0-0: Fly out, F8 (Flyball, 8LXD, EV 86.2 MPH)
|
Batting: RHB Gerold Olthof
|
0-0: Foul Ball, location: 2F 0-1: Foul Ball, location: 2F 0-2: Fly out, F6 (Popup, 4MD, EV 47.5 MPH)
|
Batting: LHB Danny Rodríguez
|
0-0: Ball 1-0: Fly out, F7 (Flyball, 7LMF, EV 90.0 MPH)
|
Top of the 6th over - 0 runs, 0 hits, 0 errors, 0 left on base; Cleveland 3 - Colorado 1 |
BOTTOM OF THE 6TH |
Colorado Billy Goats batting - Pitching for Cleveland Browns : RHP Chris Holland
|
Batting: LHB Tim Gonzáles
|
0-0: Ball 1-0: Ground out 1-3 (Groundball, 13S, EV 68.1 MPH)
|
Batting: LHB Ricardo Yates
|
0-0: Ground out U3 (Groundball, 34, EV 78.8 MPH)
|
Batting: LHB Obidiah Lewis
|
0-0: Called Strike 0-1: Ball 1-1: Swinging Strike 1-2: Strikes out swinging
|
Bottom of the 6th over - 0 runs, 0 hits, 0 errors, 0 left on base; Cleveland 3 - Colorado 1 |
TOP OF THE 7TH |
Cleveland Browns batting - Pitching for Colorado Billy Goats : LHP Zalontae Hillary
|
Batting: RHB Dale Epner
|
0-0: SINGLE (Groundball, 4MD, EV 98.1 MPH)
|
Batting: LHB Jim Brown
|
0-0: Ball 1-0: Called Strike 1-1: Called Strike 1-2: Ball 2-2: Foul Ball, location: 2F 2-2: Ball 3-2: Fielders Choice at 2nd, 1-6 (Groundball, P, EV 83.1 MPH)
|
Batting: RHB Carlos Martínez
|
0-0: Swinging Strike 0-1: Ball 1-1: Ball Jim Brown is caught stealing 2nd base 2-4 2-1: Ground out 3-1 (Groundball, 34, EV 108.8 MPH)
|
Top of the 7th over - 0 runs, 1 hit, 0 errors, 0 left on base; Cleveland 3 - Colorado 1 |
BOTTOM OF THE 7TH |
Colorado Billy Goats batting - Pitching for Cleveland Browns : RHP Chris Holland
|
Batting: LHB Ken Norris
|
0-0: Called Strike 0-1: Called Strike 0-2: Strikes out swinging
|
Batting: SHB Raoul de Gilde
|
0-0: Fly out, F7 (Line Drive, 7D, EV 92.5 MPH)
|
Batting: LHB António Casas
|
0-0: Called Strike 0-1: Swinging Strike 0-2: Fly out, F7 (Line Drive, 7D, EV 95.6 MPH)
|
Bottom of the 7th over - 0 runs, 0 hits, 0 errors, 0 left on base; Cleveland 3 - Colorado 1 |
TOP OF THE 8TH |
Cleveland Browns batting - Pitching for Colorado Billy Goats : LHP Zalontae Hillary
|
Batting: RHB Katsuhiko Ishihara
|
0-0: Ball 1-0: Called Strike 1-1: Foul Ball, location: 2F 1-2: Foul Ball, location: 2F 1-2: Foul Ball, location: 2F 1-2: Foul Ball, location: 2F 1-2: Ball 2-2: Ground out 4-3 (Groundball, 34D, EV 103.1 MPH)
|
Pitching: LHP Ales Kretky
|
|
Batting: RHB Baldomero Avino
|
0-0: Called Strike 0-1: SINGLE (Groundball, 56D, EV 103.8 MPH)
|
Batting: RHB Meester Gobbles-Rooster
|
0-0: Swinging Strike 0-1: Ball 1-1: Swinging Strike 1-2: Strikes out swinging
|
Batting: LHB León Castillo
|
0-0: Ball 1-0: Ball 2-0: Ball 3-0: Base on Balls Baldomero Avino to second
|
Batting: RHB Gerold Olthof
|
0-0: Called Strike 0-1: Ball 1-1: Ball 2-1: Ball 3-1: DOUBLE (Line Drive, 9LM, EV 98.8 MPH) Baldomero Avino scores León Castillo to third
|
Batting: LHB Danny Rodríguez
|
0-0: Ball 1-0: Foul Ball, location: 2F 1-1: Foul Ball, location: 2F 1-2: Strikes out looking
|
Top of the 8th over - 1 run, 2 hits, 0 errors, 2 left on base; Cleveland 4 - Colorado 1 |
BOTTOM OF THE 8TH |
Colorado Billy Goats batting - Pitching for Cleveland Browns : RHP Chris Holland
|
Batting: RHB Phil Moore
|
0-0: Ball 1-0: Ball 2-0: Called Strike 2-1: Ball 3-1: Ground out 5-3 (Groundball, 56, EV 81.9 MPH)
|
Batting: RHB Luis Rodríguez
|
0-0: Ball 1-0: Ground out 6-3 (Groundball, 6, EV 108.1 MPH)
|
Batting: LHB David de Meij
|
0-0: Ground out 4-3 (Groundball, 4M, EV 107.5 MPH)
|
Bottom of the 8th over - 0 runs, 0 hits, 0 errors, 0 left on base; Cleveland 4 - Colorado 1 |
TOP OF THE 9TH |
Cleveland Browns batting - Pitching for Colorado Billy Goats : LHP Ales Kretky
|
Batting: RHB Dale Epner
|
0-0: Called Strike 0-1: Ball 1-1: Ball 2-1: Ball 3-1: Base on Balls
|
Batting: LHB Jim Brown
|
0-0: Swinging Strike 0-1: Ball 1-1: Called Strike 1-2: Foul Ball, location: 2F 1-2: Strikes out looking
|
Batting: RHB Carlos Martínez
|
0-0: Foul Ball, location: 2F 0-1: Ball 1-1: Swinging Strike 1-2: Strikes out looking
|
Batting: RHB Katsuhiko Ishihara
|
0-0: Ball 1-0: Called Strike 1-1: Ball 2-1: Ball 3-1: Ground out 5-3 (Groundball, 56S, EV 62.5 MPH)
|
Top of the 9th over - 0 runs, 0 hits, 0 errors, 1 left on base; Cleveland 4 - Colorado 1 |
BOTTOM OF THE 9TH |
Colorado Billy Goats batting - Pitching for Cleveland Browns : RHP Chris Holland
|
Pitching: RHP Dewitt Clendaniel
|
|
Batting: LHB Tim Gonzáles
|
0-0: Called Strike 0-1: Ball 1-1: Called Strike 1-2: Fly out, F9 (Flyball, 89M, EV 83.8 MPH)
|
Batting: LHB Ricardo Yates
|
0-0: Ball 1-0: Ball 2-0: Foul Ball, location: 2F 2-1: Ball 3-1: Called Strike 3-2: Strikes out swinging
|
Batting: LHB Obidiah Lewis
|
0-0: Foul Ball, location: 2F 0-1: Ground out 4-3 (Groundball, 4S, EV 78.8 MPH)
|
Bottom of the 9th over - 0 runs, 0 hits, 0 errors, 0 left on base; Cleveland 4 - Colorado 1 |
|